 Dungeon Crawl Stone Soup version 0.30-a0-743-gbfdf073431 (webtiles) character file.

Game seed: 15358068022186115488

247 Dittersdorf the Trooper (level 6, -3/39 HPs)
             Began as a Gargoyle Fighter on Feb 7, 2023.
             Slain by an orc warrior
             ... wielding a +0 flail
              (8 damage)
             ... on level 4 of the Dungeon.
             The game lasted 00:04:14 (3039 turns).

Dittersdorf the Trooper (Gargoyle Fighter)          Turns: 3039, Time: 00:04:15

Health: -3/39      AC: 17    Str: 22    XL:     6   Next: 11%
Magic:  6/6        EV:  9    Int:  8    God:
Gold:   158        SH:  5    Dex:  9    Spells: 5/5 levels left

rFire   . . .      SeeInvis .    a - +0 flail
rCold   . . .      Faith    +    c - +1 buckler
rNeg    + . .      Spirit   .    b - +0 scale mail
rPois   ∞          Reflect  .    h - +0 helmet
rElec   +          Harm     .    t - +0 cloak
rCorr   +          Rampage  .    o - +2 pair of gloves
Will    .....                    (no boots) Stlth
                                 s - amulet of faith
HPRegen 0.26/turn                e - ring of resist corrosion
MPRegen 0.10/turn                y - ring of wizardry

@: no status effects
A: sickness immunity, AC +4, negative energy resistance 1, electricity
resistance, torment resistance 1, petrification resistance
a: no special abilities


You were on level 4 of the Dungeon.
You visited 1 branch of the dungeon, and saw 5 of its levels.

You collected 158 gold pieces.

Inventory:

Hand Weapons
 a - a +0 flail (weapon)
Missiles
 r - 2 curare-tipped darts (quivered)
Armour
 b - a +0 scale mail (worn)
 c - a +1 buckler (worn)
 h - a +0 helmet (worn)
 o - a +2 pair of gloves (worn)
 t - a +0 cloak (worn)
Jewellery
 e - a ring of resist corrosion (left hand)
 k - the ring of Kamefos {rC+ Dex+2}
   (You acquired it on level 4 of the Dungeon)

   [ring of protection from cold]

   Dex:       It affects your dexterity (+2).
   rC:        It protects you from cold.
 m - a ring of ice
 s - an amulet of faith (around neck)
 y - a ring of wizardry (right hand)
Wands
 w - a wand of acid (4)
Scrolls
 l - a scroll of fear
 p - a scroll of teleportation
 q - a scroll of poison
Potions
 d - a potion of might
 f - 4 potions of curing {unknown}
 g - 2 potions of haste {unknown}
 j - a potion of brilliance {unknown}
 u - a potion of attraction {unknown}
 x - a potion of cancellation
 z - a potion of flight


   Skills:
 + Level 4.6 Fighting
 + Level 3.5 Maces & Flails
 + Level 4.5 Armour
 + Level 4.5 Shields


You had 5 spell levels left.
You didn't know any spells.
Your spell library contained the following spells:

 Spells                   Type           Power      Damage    Failure   Level
 Sandblast                Erth           0%         2d4       47%         1
 Slow                     Hex            0%         N/A       47%         1
 Passwall                 Tmut/Erth      0%         N/A       61%         2
 Poisonous Vapours        Pois/Air       0%         N/A       61%         2
 Confusing Touch          Hex            0%         N/A       83%         3
 Mephitic Cloud           Conj/Pois/Air  0%         N/A       83%         3
 Stone Arrow              Conj/Erth      0%         3d7       83%         3
 Vampiric Draining        Necr           0%         2d6       83%         3
 Cigotuvi's Dreadful Rot  Necr/Pois/Air  Unusable   N/A       N/A         2

Dungeon Overview and Level Annotations

Branches:
Dungeon (5/15)
 Temple: D:4-7

Altars:


Innate Abilities, Weirdness & Mutations

You are immune to sickness and miasma.
Your stone body is resilient. (AC +4)
You are immune to poison.
You resist negative energy. (rN+)
You are resistant to electric shocks. (rElec)
You are resistant to unholy torment.
You are immune to petrification.


Message History

You are too injured to fight recklessly!
You are too injured to fight recklessly!
You are too injured to fight recklessly!
You are too injured to fight recklessly!
You are too injured to fight recklessly!
You are too injured to fight recklessly!
You are too injured to fight recklessly!
You are too injured to fight recklessly!
You are too injured to fight recklessly!
You are too injured to fight recklessly!
You hit the orc.
The orc is moderately wounded.
The orc warrior closely misses you. The orc closely misses you.
You sock the orc!
You kill the orc!
You block the orc warrior's attack. The orc warrior barely misses you.
The orc warrior attacks as you move away!
The orc warrior barely misses you.
Items here: )) ††.
You closely miss the orc warrior. The orc warrior barely misses you.
You completely miss the orc warrior. The orc warrior completely misses you.
You hit the orc warrior but do no damage.
You block the orc warrior's attack.
The orc warrior hits you with a +0 flail.
* * * LOW HITPOINT WARNING * * *
You hit the orc warrior.
The orc warrior is lightly wounded.
The orc warrior barely misses you.
You closely miss the orc warrior.
The orc warrior is lightly wounded.
The orc warrior hits you but does no damage.
You closely miss the orc warrior.
The orc warrior is lightly wounded.
The orc warrior barely misses you.
The orc warrior hits you with a +0 flail.
* * * LOW HITPOINT WARNING * * *
You thump the orc warrior!
The orc warrior is heavily wounded.
The orc warrior hits you with a +0 flail!
You die...

#####..##,* *,* #.# #§# *
#<..#,* *,* #.# #§# *
#.....#***,* #.# #§# *
#...###,,,,* #.# ####§#
****#..## *,**,* ##.##
#..§§# ,,,,...#
*,*#.###...#####.####
,**###.#
#,*#.....)[)[.)...##*** ,*
#.####.*#####[..####.......#
,*
#.....<###.@o[.....#...###.#
,* *****#.....#######.#...#
*,* ** #.....# #)#...# *,*
####..# #.#...# *,* #..#
#.....# *,* #..# #.#.#.# *,*
#..# #.#.#,* *,*
#..#######.#,#,* *,*
#..........#,*,***,*


You could see an orc warrior.

Vanquished Creatures
  A hound (D:4)
  Terence (D:3)
  Natasha (thrice) (D:2)
  Robin (D:4)
  2 adders (D:2)
  A worm (D:2)
  A dart slug (D:2)
  6 orcs (D:4)
  7 endoplasms
  2 giant cockroaches (D:2)
  10 goblins
  10 hobgoblins
  2 quokkas
  4 ball pythons
  6 bats
  5 frilled lizards
  7 kobolds
  12 rats
81 creatures vanquished.

Notes
Turn   | Place    | Note
-------+----------+-------------------------------------------
     0 | D:1      | Dittersdorf the Gargoyle Fighter began the quest for the
                  | Orb.
     0 | D:1      | Reached XP level 1. HP: 14/14 MP: 1/1
   476 | D:1      | Reached XP level 2. HP: 19/19 MP: 2/2
   789 | D:2      | Noticed Natasha
   791 | D:2      | Noticed a crimson imp
   805 | D:2      | Killed Natasha
   806 | D:2      | Reached XP level 3. HP: 14/24 MP: 3/3
  1063 | D:2      | Reached XP level 4. HP: 29/29 MP: 4/4
  1150 | D:2      | Noticed Natasha
  1161 | D:2      | Killed Natasha
  1460 | D:3      | Noticed Terence
  1482 | D:3      | Killed Terence
  1483 | D:3      | Reached XP level 5. HP: 24/33 MP: 5/5
  1531 | D:2      | Noticed Natasha
  1543 | D:2      | Killed Natasha
  2475 | D:3      | Found a faded altar of an unknown god.
  2665 | D:4      | Identified a scroll of acquirement
  2665 | D:4      | Acquired the ring of Kamefos {rC+ Dex+2}
  2834 | D:4      | Noticed Robin
  2853 | D:4      | Reached XP level 6. HP: 39/39 MP: 6/6
  2853 | D:4      | Killed Robin
  2926 | D:5      | Entered Level 5 of the Dungeon
  2927 | D:5      | Noticed an orc warrior
  2936 | D:5      | Noticed a black bear
  3039 | D:4      | Slain by an orc warrior

Illustrated notes

Levels and vault maps discovered:
D:1:      psy_arrival_basics, layout_basic, minmay_rat_gold_closets
D:2:      layout_rooms, chequers_avenue, minmay_split_cup_large, uniq_natasha
D:3:      layout_basic, ebering_ecumenical_altar_webs, grunt_ministairs_13,
          chequers_serial_rivers_small_b, uniq_terence
D:4:      layout_loops_ring, ebering_ghost_sewer_f, eino_tiny_chamber,
          nicolae_wormholes, uniq_robin, uniq_duvessa
D:5:      layout_rooms, gammafunk_ghost_cemetery, minmay_misc_feat_tower,
          minmay_misc_feat_columns

Skill      XL: |  1  2  3  4 |
---------------+-------------+-----
Fighting       | 4 |  4.6
Maces & Flails | 3 |  3.5
Armour         | 4 |  4.5
Shields        | 4 |  4.5

Action                     |  1- 3 |  4- 6 || total
---------------------------+-------+-------++-------
  Melee: Flail             |    88 |   170 ||   258
    Use: Scroll            |       |    11 ||    11
 Armour: Scale mail        |    62 |   104 ||   166
  Dodge: Dodged            |    46 |    92 ||   138
  Block: Buckler           |    26 |    37 ||    63

Table legend: (Time is in decaauts)
 A = Elapsed time spent in this place.
 B = Non-inter-level travel time spent in this place.
 C = Inter-level travel time spent in this place.
 D = Time resting spent in this place.
 E = Time spent auto-exploring this place.
 F = Levels seen in this place.
 G = Mean time per level.
                   A        B        C        D        E       F      G
               +--------+--------+--------+--------+--------+-----+--------+
         Total |   3117 |   2955 |    162 |    257 |   1962 |   5 |  623.4 |
       Dungeon |   3117 |   2955 |    162 |    257 |   1962 |   5 |  623.4 |
               +--------+--------+--------+--------+--------+-----+--------+

Top non-repeatable levels by time:
     D:2: 1239 daAuts
     D:1: 776 daAuts
     D:3: 735 daAuts
     D:4: 357 daAuts
     D:5: 8 daAuts
